 Dungeon Crawl Stone Soup version 0.18.1-50-g88ac8fd (webtiles) character file.

114 thewizardguy the Ruffian (level 4, -1/41 HPs)
             Began as a Minotaur Monk on Oct 2, 2016.
             Was a Believer of Cheibriados.
             Killed from afar by an orc wizard (6 damage)
             ... with a magic dart
             ... on level 3 of the Dungeon.
             The game lasted 00:12:06 (1658 turns).

thewizardguy the Ruffian (Minotaur Monk)            Turns: 1658, Time: 00:12:07

Health: -1/41      AC:  5    Str: 22    XL:     4   Next: 66%
Magic:  3/3        EV: 11    Int: 13    God:    Cheibriados [**....]
Gold:   76         SH:  9    Dex: 19    Spells: 0 memorised, 3 levels left

rFire  . . .     SeeInvis .     p - +0 mace
rCold  . . .     Gourm    .     l - +0 ring mail
rNeg   . . .     Faith    .     f - +0 shield
rPois  .         Spirit   .     (helmet restricted)
rElec  .         Dismiss  +     (no cloak)
rCorr  .         Reflect  .     (no gloves)
SustAt .         Harm     .     (no boots)
MR     .....                    u - amulet of dismissal
Stlth  ++........               (no ring)
                                (no ring)

@: very slow, not resistant to hostile enchantments, unstealthy
A: retaliatory headbutt, horns 2
a: Bend Time, Renounce Religion


You were on level 3 of the Dungeon.
You worshipped Cheibriados.
Cheibriados was pleased with you.
You were very hungry.

You visited 1 branch of the dungeon, and saw 3 of its levels.

You collected 76 gold pieces.

Inventory:

Hand Weapons
 d - a +0 dagger
 e - a +0 club
 p - a +0 mace (weapon)
Missiles
 h - 7 javelins (quivered)
Armour
 a - a +0 robe
 f - a +0 shield (worn)
 l - a +0 ring mail (worn)
Jewellery
 u - an amulet of dismissal (around neck)
Scrolls
 n - 2 scrolls of recharging {unknown}
 o - a scroll of noise {unknown}
 r - a scroll of random uselessness {unknown}
 v - 2 scrolls of enchant armour {unknown}
 x - 2 scrolls of remove curse {unknown}
 y - a scroll of teleportation {unknown}
Potions
 c - a potion of magic {unknown}
 g - a potion of brilliance
 q - a potion of resistance {unknown}
 w - a potion of heal wounds {unknown}
Comestibles
 b - 3 bread rations
 j - a royal jelly
 k - a slice of pizza
 s - a meat ration
 t - a beef jerky


   Skills:
 + Level 4.4 Fighting
 + Level 0.2 Maces & Flails
 + Level 0.8 Armour
 + Level 4.2 Dodging
 + Level 2.2 Stealth
 + Level 0.8 Shields
 + Level 5.0 Unarmed Combat


You had 3 spell levels left.
You didn't know any spells.

Dungeon Overview and Level Annotations

Branches:
Dungeon (3/15)

Altars:
Cheibriados
Zin


Innate Abilities, Weirdness & Mutations

You reflexively headbutt those who attack you in melee.
You have a pair of horns on your head.


Message History

The orc priest hits you with a hand axe.
The orc wizard casts a spell at you. The magic dart hits you!
The orc priest hits you but does no damage.
The orc priest calls down the wrath of Beogh upon you.
Beogh smites you!
* * * LOW HITPOINT WARNING * * *
You hit the orc priest but do no damage.
You headbutt the orc priest, but do no damage.
The orc wizard hits you with a dagger.
* * * LOW HITPOINT WARNING * * *
The orc priest casts a cantrip, but nothing happens.
You closely miss the orc priest. You headbutt the orc priest.
The orc priest is lightly wounded.
You block the orc wizard's attack. You block the orc priest's attack.
The orc wizard gestures wildly while chanting.
The orc wizard seems to speed up.
The orc wizard casts a spell at you. The magic dart hits you!
You die...

.........#....##
##..##[###..#..#
#..#........##.. # .
#....8...# #. #.
###...8.8..# # ##..
###....8._.8.#
#...###...##..8.8..#
#...>.####...8...#
###.@## #.......#
##o# ##..##### #.ol#
##.# #.#o(# #.# #.
#oo# #.# .. #.# #..
### .. ... ## ###


You could see 2 orc priests, an orc wizard, 2 orcs and a giant gecko.

Vanquished Creatures
  An orc priest (D:3)
  3 adders
  A gnoll (D:1)
  An ooze (D:1)
  A giant gecko (D:1)
  3 orcs (D:3)
  A ball python (D:2)
  5 bats
  3 giant cockroaches
  3 goblins
  6 hobgoblins
  2 jackals (D:1)
  3 kobolds
  A giant newt (D:2)
  6 rats
40 creatures vanquished.

Notes
Turn   | Place    | Note
--------------------------------------------------------------
     0 | D:1      | thewizardguy the Minotaur Monk began the quest for the Orb.
     0 | D:1      | Reached XP level 1. HP: 19/19 MP: 0/0
   263 | D:1      | Reached XP level 2. HP: 27/27 MP: 1/1
   459 | D:1      | Reached skill level 5 in Unarmed Combat
   459 | D:1      | Reached XP level 3. HP: 20/33 MP: 2/2
  1139 | D:2      | Found a glowing silver altar of Zin.
  1564 | D:3      | Found a faded altar to an unknown god.
  1579 | D:3      | Reached XP level 4. HP: 16/40 MP: 3/3
  1641 | D:3      | Became a worshipper of Cheibriados the Contemplative
  1641 | D:3      | Reached * piety under Cheibriados
  1641 | D:3      | Reached ** piety under Cheibriados
  1658 | D:3      | Killed from afar by an orc wizard

Skill      XL: |  1  2  3  4 |
---------------+-------------+-----
Unarmed Combat | 5 |  5.0
Fighting       | 4 |  4.4
Stealth        | 2 |  2.2
Dodging        | 4 |  4.2
Maces & Flails | |  0.2
Armour         | |  0.8
Shields        | |  0.8

Action                   |  1- 3 |  4- 6 || total
-------------------------+-------+-------++-------
Melee: Unarmed           |    10 |       ||    10
       Club              |    16 |       ||    16
       Headbutt          |    17 |     5 ||    22
       Mace              |    67 |    22 ||    89
Throw: Javelin           |       |     1 ||     1
  Use: Potion            |     3 |     1 ||     4
       Scroll            |     2 |       ||     2
 Stab: Sleeping          |     1 |       ||     1
  Eat: Chunk             |     1 |       ||     1
Armor: Robe              |     2 |       ||     2
       Ring mail         |    26 |     9 ||    35
Dodge: Dodged            |    49 |     8 ||    57
Block: Shield            |    37 |    10 ||    47
